 Dungeon Crawl Stone Soup version 0.29.0-7-g18a832c13a (webtiles) character file.

Game seed: 18282636360210514079

57 JEDS the Cudgeller (level 3, 0/37 HPs)
             Began as a Troll Berserker on Aug 31, 2022.
             Was a Believer of Trog.
             Succumbed to an adder's poison
             ... on level 2 of the Dungeon.
             The game lasted 00:09:44 (976 turns).

JEDS the Cudgeller (Troll Berserker)                 Turns: 976, Time: 00:09:45

Health: 0/37       AC:  4    Str: 27    XL:     3   Next: 73%
Magic:  2/2        EV: 10    Int:  3    God:    Trog [**....]
Gold:   69         SH:  0    Dex: 15    Spells: 2/2 levels left

rFire   . . .      SeeInvis .   q - +0 morningstar
rCold   . . .      Faith    .   (no shield)
rNeg    . . .      Spirit   .   b - +0 animal skin
rPois   .          Reflect  .   (helmet restricted)
rElec   .          Harm     .   e - scarf {repulsion}
rCorr   .          Rampage  .   (gloves unavailable)
Will    .....                   (boots unavailable)
Stlth   +.........              (no amulet)
HPRegen 0.92/turn               f - +6 ring of dexterity
MPRegen 0.08/turn               (no ring)

@: lethally poisoned (0 -> -7), on berserk cooldown, slowed, repel missiles,
very slow
A: large, unfitting armour, claws 3, regeneration 1, shaggy fur 1, tough skin 1
a: Renounce Religion, Berserk, Trog's Hand


You were on level 2 of the Dungeon.
You worshipped Trog.
Trog was pleased with you.
You visited 1 branch of the dungeon, and saw 2 of its levels.

You collected 69 gold pieces.

Inventory:

Hand Weapons
 a - a +0 mace
 h - a +0 whip
 i - a +2 vorpal hand axe
 q - a +0 morningstar (weapon)
Armour
 b - a +0 animal skin (worn)
 e - a scarf of repulsion (worn)
Magical Staves
 j - a staff of cold
Jewellery
 f - a +6 ring of dexterity (left claw)
 s - a +4 ring of protection
Scrolls
 c - 2 scrolls of identify {unknown}
 d - a scroll of brand weapon {unknown}
 g - 3 scrolls of poison {unknown}
 l - a scroll of butterflies {unknown}
 p - a scroll of vulnerability {unknown}
 r - 3 scrolls of teleportation {unknown}
Potions
 k - a potion of haste {unknown}
 m - a potion of brilliance {unknown}
 n - a potion of attraction {unknown}
 o - a potion of degeneration {unknown}
 t - a potion of resistance {unknown}


   Skills:
 + Level 3.0 Fighting
 + Level 3.3 Maces & Flails
 + Level 3.0 Dodging


You had 2 spell levels left.
You didn't know any spells.
Your spell library was empty.

Dungeon Overview and Level Annotations

Branches:
Dungeon (2/15)

Altars:


Innate Abilities, Weirdness & Mutations

You are too large for most types of armour.
You have claws for hands.
Your natural rate of healing is unusually fast.
You are covered in fur. (AC +1)
You have tough skin. (AC +1)


Message History

You are poisoned.
The adder poisons you! The adder bites you but does no damage.
The adder attacks as you move away! The adder bites you but does no damage.
You feel very sick. The adder bites you. The adder closely misses you.
The adder bites you.
You are more poisoned.
The adder poisons you! The adder attacks as you move away!
The adder barely misses you. The adder attacks as you move away!
The adder bites you.
You feel very sick. The adder bites you but does no damage.
Found a stone staircase leading down.
You feel sick. The adder barely misses you. The adder misses you.
The adder attacks as you move away! The adder bites you but does no damage.
You feel sick. The adder closely misses you. x2
The adder attacks as you move away! The adder bites you but does no damage.
You feel sick. The adder closely misses you.
The adder bites you but does no damage. The adder attacks as you move away!
The adder bites you.
* * * LOW HITPOINT WARNING * * *
You are more poisoned.
The adder poisons you!
You feel sick. The adder bites you but does no damage.
The adder attacks as you move away! The adder bites you but does no damage.
You feel sick. The adder bites you but does no damage.
The adder barely misses you. The adder bites you but does no damage.
The adder attacks as you move away! The adder bites you but does no damage.
The adder attacks as you move away! The adder bites you but does no damage.
You feel sick. The adder bites you.
* * * LOW HITPOINT WARNING * * *
You are more poisoned.
The adder poisons you! The adder bites you.
* * * LOW HITPOINT WARNING * * *
You are more poisoned.
The adder poisons you!
The hobgoblin hits you but does no damage.
The adder bites you.
* * * LOW HITPOINT WARNING * * *
There is a stone staircase leading down here.
You can't go up here!
You die...

.#.#.#........ ...###...##
#...# ....#..## #.## #...#
###.. ##......### ..#
#...# ##g
####..#...#######.###...#
#.
.....####..##.....#.....##
## ######
##...............# # #
#..^............# #
#.<...Sg........#
#.....@Sg.......#
#......S........#
#......>........#
#...............#
##.............##
##.....#.....##
#############


You could see 3 adders, a hobgoblin and a goblin.

Vanquished Creatures
  2 adders (D:2)
  A dart slug (D:2)
  4 endoplasms
  3 giant cockroaches (D:1)
  3 goblins
  A hobgoblin (D:2)
  4 kobolds
  2 quokkas
  2 ball pythons (D:1)
  5 bats
  2 frilled lizards
  7 rats
36 creatures vanquished.

Notes
Turn   | Place    | Note
-------+----------+-------------------------------------------
     0 | D:1      | JEDS the Troll Berserker began the quest for the Orb.
     0 | D:1      | Reached XP level 1. HP: 22/22 MP: 0/0
   300 | D:1      | Reached XP level 2. HP: 29/29 MP: 1/1
   754 | D:2      | Reached XP level 3. HP: 36/36 MP: 2/2
   814 | D:2      | Reached ** piety under Trog
   976 | D:2      | Succumbed to an adder's poison

Illustrated notes

Levels and vault maps discovered:
D:1:      lemuel_arrival_hallway, layout_basic, dreamdust_princess_corridor
D:2:      minmay_general_purpose_star, layout_rooms, basic_altar,
          chequers_mini_garden

Skill      XL: |  1  2  3 |
---------------+----------+-----
Maces & Flails | 3 |  3.3
Fighting       | 3 |  3.0
Dodging        | 3 |  3.0

Action                   || total
-------------------------++-------
Melee: Mace              ||    27
       Hand axe          ||     9
       Whip              ||    25
       Morningstar       ||    42
Invok: Berserk           ||     1
 Stab: Sleeping          ||     2
Armor: Animal skin       ||    76
Dodge: Dodged            ||    82
